[ AOE2 MATCH · #479044288 ]
1v1 RMPortuguese vs Inca
Rival team · LOSS
[ REPLAY ANALYSIS · EXTRACTED FROM THE RECORDED GAME ]
Feudal
12:07
Castle
16:02
Imperial
31:23
| APM avg | 18.6 |
| APM peak | 62 |
| eAPM avg | 13.1 |
| Villagers / military | 213 / 538 |
Focus
⚔️ 46.6% · 🌾 53.4%
Organ Gun ×216 · Militia ×160 · Skirmisher ×133 · Mangonel ×15 · Trebuchet (Packed) ×13 · Battering Ram ×1
Feudal
9:43
Castle
20:22
Imperial
37:46
| APM avg | 21.1 |
| APM peak | 59 |
| eAPM avg | 12.5 |
| Villagers / military | 82 / 555 |
Focus
⚔️ 42.5% · 🌾 57.5%
Skirmisher ×216 · Kamayuk ×186 · Spearman ×68 · Archer ×49 · Mangonel ×16 · Battering Ram ×14
Match map
Initial resources + every placement click. Lines = walls · curves = elevation contours. ◆ gold · ⬟ stone · ● berries · ✦ relic · ◌ wall gap
Your base· ✓ Closed at 16:02 · 0t walls · 2 gate(s)
StrawTrash's base· ✓ Closed at 20:22 · 0t walls · 2 gate(s)
Smoothed initial terrain · ◌ = detected wall gap · hover for details
Inputs per minute
— lirocent64 - - StrawTrash
Build order — lirocent64
First 150 of 473 actions detected
| 0:01 | Create | Villager (Male) |
| 0:01 | Create | Villager (Male) |
| 0:03 | Build | House |
| 0:05 | Build | House |
| 0:07 | Build | House |
| 0:09 | Build | House |
| 0:29 | Create | Villager (Male) |
| 0:29 | Create | Villager (Male) |
| 0:29 | Create | Villager (Male) |
| 1:42 | Create | Villager (Male) |
| 1:42 | Create | Villager (Male) |
| 1:43 | Research | Loom |
| 2:00 | Create | Villager (Male) |
| 2:13 | Build | Lumber Camp |
| 2:33 | Create | Villager (Male) |
| 3:02 | Create | Villager (Male) |
| 3:02 | Create | Villager (Male) |
| 3:03 | Create | Villager (Male) |
| 3:33 | Create | Villager (Male) |
| 3:34 | Create | Villager (Male) |
| 4:11 | Create | Villager (Male) |
| 4:11 | Create | Villager (Male) |
| 5:12 | Build | Mill |
| 5:19 | Create | Villager (Male) |
| 5:19 | Create | Villager (Male) |
| 5:19 | Create | Villager (Male) |
| 5:20 | Create | Villager (Male) |
| 5:20 | Create | Villager (Male) |
| 6:02 | Create | Villager (Male) |
| 6:02 | Create | Villager (Male) |
| 6:03 | Create | Villager (Male) |
| 6:03 | Create | Villager (Male) |
| 7:12 | Build | House |
| 7:14 | Build | House |
| 7:15 | Build | House |
| 7:18 | Build | House |
| 7:23 | Build | Farm |
| 7:41 | Build | Farm |
| 7:46 | Build | Farm |
| 7:50 | Build | Farm |
| 7:52 | Create | Villager (Male) |
| 7:53 | Create | Villager (Male) |
| 7:53 | Create | Villager (Male) |
| 7:53 | Create | Villager (Male) |
| 7:53 | Create | Villager (Male) |
| 7:54 | Create | Villager (Male) |
| 7:54 | Create | Villager (Male) |
| 7:54 | Create | Villager (Male) |
| 8:47 | Build | Mining Camp |
| 9:39 | Research | Feudal Age |
| 9:39 | Create | Villager (Male) |
| 9:40 | Create | Villager (Male) |
| 9:40 | Create | Villager (Male) |
| 9:40 | Create | Villager (Male) |
| 10:38 | Build | Farm |
| 10:43 | Build | Farm |
| 12:07 | Age | Feudal Age |
| 12:11 | Build | Market |
| 12:13 | Build | Blacksmith |
| 13:07 | Research | Castle Age |
| 13:11 | Research | Horse Collar |
| 13:12 | Research | Double-Bit Axe |
| 13:35 | Research | Wheelbarrow |
| 13:41 | Build | Farm |
| 13:50 | Build | Farm |
| 13:56 | Build | Farm |
| 14:11 | Build | Farm |
| 16:02 | Age | Castle Age |
| 16:04 | Build | Town Center |
| 16:07 | Build | Town Center |
| 16:12 | Research | Bow Saw |
| 16:22 | Create | Villager (Male) |
| 16:23 | Create | Villager (Male) |
| 16:23 | Create | Villager (Male) |
| 17:13 | Create | Villager (Male) |
| 17:14 | Create | Villager (Male) |
| 17:14 | Create | Villager (Male) |
| 17:17 | Create | Villager (Male) |
| 17:17 | Create | Villager (Male) |
| 17:17 | Create | Villager (Male) |
| 17:32 | Build | Farm |
| 17:37 | Create | Villager (Male) ×5 |
| 17:37 | Create | Villager (Male) ×5 |
| 18:14 | Research | Heavy Plow |
| 18:14 | Research | Heavy Plow |
| 18:43 | Build | Farm |
| 18:43 | Build | Farm |
| 18:43 | Build | Farm |
| 18:44 | Build | Farm |
| 18:44 | Build | Farm |
| 18:44 | Build | Farm |
| 18:44 | Build | Farm |
| 18:54 | Create | Villager (Male) |
| 18:56 | Create | Villager (Male) ×2 |
| 19:13 | Build | Farm |
| 19:13 | Build | Farm |
| 19:13 | Build | Farm |
| 19:14 | Build | Farm |
| 19:14 | Build | Farm |
| 19:14 | Build | Farm |
| 19:14 | Build | Farm |
| 19:19 | Create | Villager (Male) |
| 19:20 | Create | Villager (Male) |
| 19:26 | Build | Farm |
| 19:30 | Build | Farm |
| 19:34 | Create | Villager (Male) ×2 |
| 19:35 | Create | Villager (Male) ×2 |
| 19:43 | Create | Villager (Male) ×4 |
| 19:43 | Create | Villager (Male) ×4 |
| 19:52 | Create | Villager (Male) |
| 19:55 | Create | Villager (Male) |
| 20:23 | Create | Villager (Male) ×3 |
| 20:24 | Create | Villager (Male) ×3 |
| 20:34 | Create | Villager (Male) ×2 |
| 20:43 | Build | House |
| 20:45 | Build | House |
| 20:46 | Build | House |
| 20:47 | Build | House |
| 20:47 | Build | House |
| 20:48 | Build | House |
| 20:49 | Build | House |
| 20:50 | Build | House |
| 20:50 | Build | House |
| 20:51 | Build | House |
| 20:51 | Build | House |
| 20:52 | Build | House |
| 20:52 | Build | House |
| 21:19 | Build | House |
| 21:27 | Build | House |
| 21:28 | Build | House |
| 21:41 | Build | House |
| 21:42 | Build | House |
| 21:43 | Build | House |
| 21:45 | Build | House |
| 21:46 | Build | House |
| 21:48 | Build | House |
| 21:50 | Build | House |
| 21:55 | Create | Villager (Male) ×5 |
| 21:55 | Create | Villager (Male) ×5 |
| 21:55 | Create | Villager (Male) ×5 |
| 21:55 | Create | Villager (Male) ×4 |
| 22:01 | Build | House |
| 22:02 | Build | House |
| 22:04 | Build | House |
| 22:05 | Build | House |
| 22:06 | Build | House |
| 22:07 | Build | House |
| 22:09 | Build | House |
| 22:14 | Build | House |
| 22:15 | Build | House |
Build order — StrawTrash
First 150 of 396 actions detected
| 0:00 | Create | Villager (Male) |
| 0:01 | Create | Villager (Male) |
| 0:02 | Build | House |
| 0:04 | Build | House |
| 0:43 | Create | Villager (Male) |
| 0:43 | Create | Villager (Male) |
| 1:38 | Create | Villager (Male) |
| 1:47 | Build | Settlement |
| 1:57 | Create | Villager (Male) |
| 2:55 | Create | Villager (Male) |
| 2:55 | Create | Villager (Male) |
| 3:48 | Create | Villager (Male) |
| 3:48 | Create | Villager (Male) |
| 4:36 | Create | Villager (Male) |
| 4:47 | Create | Villager (Male) |
| 4:47 | Create | Villager (Male) |
| 5:37 | Create | Villager (Male) |
| 5:38 | Create | Villager (Male) |
| 5:38 | Create | Villager (Male) |
| 5:38 | Create | Villager (Male) |
| 7:27 | Research | Feudal Age |
| 7:39 | Build | Barracks |
| 9:02 | Create | Villager (Male) |
| 9:02 | Create | Villager (Male) |
| 9:03 | Create | Villager (Male) |
| 9:03 | Create | Villager (Male) |
| 9:43 | Age | Feudal Age |
| 9:44 | Research | Double-Bit Axe |
| 9:49 | Build | Blacksmith |
| 9:59 | Research | Horse Collar |
| 10:09 | Build | Market |
| 10:25 | Build | Settlement |
| 11:12 | Create | Villager (Male) |
| 11:12 | Create | Villager (Male) |
| 11:46 | Research | Wheelbarrow |
| 11:57 | Research | Loom |
| 12:25 | Build | Settlement |
| 12:45 | Create | Villager (Male) |
| 13:16 | Create | Villager (Male) |
| 13:19 | Create | Villager (Male) |
| 13:20 | Create | Villager (Male) |
| 13:37 | Research | Stone Mining |
| 14:11 | Build | Farm |
| 14:18 | Build | Farm |
| 14:27 | Build | Farm |
| 14:30 | Build | Farm |
| 14:33 | Build | Farm |
| 14:37 | Build | Farm |
| 14:48 | Build | Settlement |
| 15:02 | Create | Spearman |
| 15:03 | Create | Spearman |
| 15:03 | Create | Spearman |
| 15:19 | Build | Farm |
| 15:22 | Build | Farm |
| 15:28 | Create | Villager (Male) |
| 15:28 | Create | Villager (Male) |
| 15:43 | Research | Gold Mining |
| 15:58 | Build | Farm |
| 16:23 | Build | Farm |
| 16:27 | Research | Wheelbarrow |
| 16:44 | Build | Farm |
| 16:55 | Build | Farm |
| 16:56 | Build | Farm |
| 17:08 | Research | Castle Age |
| 17:12 | Create | Villager (Male) |
| 17:12 | Create | Villager (Male) |
| 17:55 | Build | Farm |
| 17:56 | Build | Farm |
| 19:09 | Build | Watch Tower |
| 19:35 | Create | Spearman |
| 19:36 | Create | Spearman |
| 19:36 | Create | Spearman |
| 19:40 | Create | Spearman |
| 19:40 | Create | Spearman |
| 19:50 | Research | Scale Mail Armor |
| 20:22 | Build | Watch Tower |
| 20:22 | Age | Castle Age |
| 20:28 | Research | Heavy Plow |
| 20:31 | Research | Bow Saw |
| 20:45 | Build | Castle |
| 20:55 | Create | Villager (Male) |
| 20:56 | Create | Villager (Male) |
| 20:56 | Create | Villager (Male) |
| 21:36 | Build | Town Center |
| 21:42 | Create | Villager (Male) |
| 21:42 | Create | Villager (Male) |
| 22:06 | Build | Settlement |
| 22:16 | Research | Pikeman (upgrade) |
| 22:28 | Research | Chain Mail Armor |
| 22:33 | Create | Villager (Male) |
| 22:33 | Create | Villager (Male) |
| 22:40 | Build | Monastery |
| 23:14 | Research | Stone Shaft Mining |
| 23:22 | Create | Spearman ×3 |
| 23:28 | Research | Squires |
| 23:32 | Create | Villager (Male) |
| 23:32 | Create | Villager (Male) |
| 23:33 | Create | Villager (Male) |
| 23:33 | Create | Villager (Male) |
| 23:33 | Create | Villager (Male) |
| 24:03 | Build | Settlement |
| 24:14 | Create | Monk |
| 24:21 | Create | Monk |
| 24:43 | Create | Villager (Male) |
| 24:43 | Create | Villager (Male) |
| 24:44 | Create | Villager (Male) |
| 24:44 | Create | Villager (Male) |
| 24:49 | Research | Hand Cart |
| 24:52 | Create | Villager (Male) |
| 24:53 | Create | Villager (Male) |
| 25:17 | Build | Town Center |
| 25:52 | Create | Monk |
| 26:34 | Build | University |
| 26:41 | Create | Villager (Male) |
| 26:41 | Create | Villager (Male) |
| 26:41 | Create | Villager (Male) |
| 26:41 | Create | Villager (Male) |
| 26:51 | Build | Farm |
| 27:46 | Create | Villager (Male) |
| 27:46 | Create | Villager (Male) |
| 27:48 | Create | Villager (Male) |
| 27:48 | Create | Villager (Male) |
| 27:49 | Create | Villager (Male) |
| 27:50 | Create | Villager (Male) |
| 27:51 | Create | Villager (Male) |
| 27:51 | Create | Villager (Male) |
| 28:02 | Build | Farm |
| 28:04 | Build | Farm |
| 28:07 | Build | Farm |
| 28:13 | Build | Farm |
| 28:21 | Build | Farm |
| 29:02 | Create | Kamayuk ×5 |
| 29:03 | Create | Kamayuk ×5 |
| 29:03 | Create | Kamayuk ×5 |
| 29:04 | Create | Kamayuk ×5 |
| 29:23 | Create | Villager (Male) |
| 29:23 | Create | Villager (Male) |
| 29:24 | Create | Villager (Male) |
| 29:28 | Create | Villager (Male) |
| 29:28 | Create | Villager (Male) |
| 29:29 | Create | Villager (Male) |
| 29:35 | Research | Town Watch |
| 29:39 | Create | Villager (Male) |
| 29:39 | Create | Villager (Male) |
| 29:44 | Build | Farm |
| 29:45 | Build | Farm |
| 29:47 | Build | Farm |
| 31:13 | Research | Ballistics |
| 31:21 | Research | Guard Tower (upgrade) |
| 31:51 | Create | Spearman ×5 |
Match timeline
| 7:39 | StrawTrash · first_building Barracks |
| 9:43 | StrawTrash · age_up feudal |
| 12:07 | lirocent64 · age_up feudal |
| 16:02 | lirocent64 · age_up castle |
| 19:41 | lirocent64 · first_market_buy 100 food |
| 20:22 | StrawTrash · age_up castle |
| 20:45 | StrawTrash · first_building Castle |
| 22:40 | StrawTrash · first_building Monastery |
| 26:04 | lirocent64 · first_building Monastery |
| 27:40 | lirocent64 · first_building Castle |
| 31:23 | lirocent64 · age_up imperial |
| 32:45 | lirocent64 · first_market_sell 100 wood |
| 35:21 | StrawTrash · first_building Archery Range |
| 37:28 | lirocent64 · first_building Siege Workshop |
| 37:30 | lirocent64 · first_building Barracks |
| 37:46 | StrawTrash · age_up imperial |
| 39:32 | lirocent64 · first_building Archery Range |
| 41:14 | StrawTrash · first_building Siege Workshop |
| 53:28 | lirocent64 · wall_segment Stone Wall x16 |
| 71:30 | StrawTrash · resign |
[ AI ANALYSIS · 1 CREDIT ]
What really happened in this match?
Wolo.gg analyzes every decision: build order, eco, micro, common mistakes by bracket. Personalized analysis on WhatsApp or Discord in 30 seconds.
Civ guide
Portuguese
Map guide
Arena
Perfil
Jugador #2604981